 Dungeon Crawl Stone Soup version 0.21-a0-583-g2c32b0f (webtiles) character file.

28 Firecrotchwizard the Skirmisher (level 2, -1/24 HPs)
             Began as a Demonspawn Berserker on Dec 20, 2017.
             Was a Follower of Trog.
             Slain by a hobgoblin
             ... wielding a +0 club
              (4 damage)
             ... on level 2 of the Dungeon.
             The game lasted 00:01:12 (1145 turns).

Firecrotchwizard the Skirmisher (DsBe)              Turns: 1145, Time: 00:01:12

Health: -1/24      AC:  2    Str: 17    XL:     2   Next: 96%
Magic:  0/2        EV: 12    Int:  8    God:    Trog [*.....]
Gold:   60         SH:  0    Dex: 12    Spells: 1/1 levels left

rFire    . . .     SeeInvis .   a - +0 hand axe
rCold    . . .     Gourm    .   (no shield)
rNeg     . . .     Faith    .   b - +0 animal skin
rPois    .         Spirit   +   (no helmet)
rElec    .         Reflect  .   (no cloak)
rCorr    .         Harm     .   (no gloves)
MR       .....                  (no boots)
Stlth    +.........             (no amulet)
HPRegen  0.08/turn              (no ring)
MPRegen  0.08/turn              (no ring)

@: no status effects
A: magic shield
a: Berserk, Burn Spellbooks, Renounce Religion


You were on level 2 of the Dungeon.
You worshipped Trog.
Trog was aware of your devotion.
You were not hungry.

You visited 1 branch of the dungeon, and saw 2 of its levels.

You collected 60 gold pieces.

Inventory:

Hand Weapons
 a - a +0 hand axe (weapon)
Armour
 b - a +0 animal skin (worn)
Scrolls
 e - a scroll of magic mapping {unknown}
 g - 3 scrolls of identify {unknown}
 h - a scroll of enchant weapon {unknown}
 i - a scroll of enchant armour {unknown}
Potions
 d - a potion of mutation {unknown}
Comestibles
 c - 2 rations {@e1}


   Skills:
 + Level 3.2 Fighting
 * Level 3.1 Axes
 + Level 2.1 Armour
 + Level 2.1 Dodging


You had one spell level left.
You didn't know any spells.

Dungeon Overview and Level Annotations

Branches:
Dungeon (2/15)

Altars:


Innate Abilities, Weirdness & Mutations

When hurt, damage is shared between your health and your magic reserves.


Message History

A kobold comes into view. It is wielding a dagger.
You are feeling hungry.
The kobold shouts!
The kobold throws a stone.
The stone barely misses you.
The kobold throws a stone.
The stone barely misses you.
The kobold moves out of view.
No target in view!
No target in view!
No target in view!
You may need something to eat soon, looking for food.
Can't find anything matching that.
Okay, then.
No target in view!
No target in view!
The kobold hits you with a dagger.
You take 1 damage, and have 23/24 hp.
You hit the kobold.
You kill the kobold!
Trog accepts your kill.
No target in view!
No target in view!
You may need something to eat soon, looking for food.
Can't find anything matching that.
Okay, then.
You see here a dagger.
Done exploring.
Health restored: 24 Done exploring.
(D) Dungeon
Where to? (? - help)
There is a stone staircase leading down here.
You climb downwards.
A kobold comes into view.
There is a stone staircase leading up here.
A kobold is nearby!
The kobold shouts!
A rat comes into view.
A frilled lizard comes into view.
The frilled lizard hisses angrily.
You slash the kobold!
You kill the kobold!
Trog accepts your kill.
You see here a kobold corpse.
You hit the rat.
You kill the rat!
Trog accepts your kill.
You barely miss the frilled lizard. The frilled lizard bites you.
You now have 1/2 mp.
You hit the frilled lizard.
You kill the frilled lizard!
Trog accepts your kill.
No target in view!
Autochopping corpse.
You butcher the kobold corpse.
You see here an inedible chunk of flesh {@w0}.
You start resting.
MP restored: 2 You butcher the rat corpse.
f - a chunk of flesh {@w0} Eating a chunk of flesh {@w0}.
You eat the chunk of flesh {@w0}.
Found a stone staircase leading down.
A bat and a quokka come into view.
You completely miss the bat. The bat hits you but does no damage.
The bat misses you. The bat misses you.
A hobgoblin comes into view. It is wielding a club.
The hobgoblin shouts!
The bat barely misses you. The bat hits you but does no damage.
You barely miss the quokka. You hit the bat but do no damage. The bat hits you.
The bat hits you but does no damage. The quokka bites you.
The quokka barely misses you.
A goblin comes into view.
You take 2 damage, and have 22/24 hp.
You now have 1/2 mp.
You miss the quokka.
The goblin shouts!
You hit the hobgoblin but do no damage. You miss the bat.
The bat hits you but does no damage. The hobgoblin misses you.
The quokka closely misses you.
You hit the quokka. You hit the hobgoblin but do no damage.
You hit the bat but do no damage. The bat misses you.
The hobgoblin barely misses you. The quokka bites you.
You take 3 damage, and have 19/24 hp.
You hit the quokka but do no damage. You hit the hobgoblin.
The bat closely misses you.
The quokka bites you but does no damage.
The hobgoblin hits you with a club. The quokka closely misses you.
The hobgoblin hits you with a club.
You take 6 damage, and have 13/24 hp.
MASSIVE DAMAGE!!
You barely miss the quokka. You hit the hobgoblin but do no damage.
The bat closely misses you. The quokka bites you.
The hobgoblin hits you with a club.
* * * LOW HITPOINT WARNING * * *
You take 10 damage, and have 3/24 hp.
MASSIVE DAMAGE!!
You barely miss the quokka. You hit the hobgoblin but do no damage.
The bat barely misses you. The quokka closely misses you.
The hobgoblin hits you with a club.
You die...

.. #.. ....# #.# #..
#.#.# .. #.. . #.#.####r
#.# ..
#......#.####.####...
#......+... .g...$...
#......#..###g.......
#####......##..r@b.......
...........##..##.#......
######.....##.....# .....
######.....##..##.# ....
...........##...#.# .#.
#####.#.........#.# #
#....%......#...#
#######.#######...#
#...................


You could see a quokka, a hobgoblin, a goblin and a bat.

Vanquished Creatures
  2 oozes (D:1)
  A dart slug (D:1)
  A giant cockroach (D:1)
  2 goblins (D:1)
  2 hobgoblins (D:1)
  3 bats (D:1)
  A frilled lizard (D:2)
  5 kobolds
  3 rats
20 creatures vanquished.

Notes
Turn   | Place    | Note
-------+----------+-------------------------------------------
     0 | D:1      | Firecrotchwizard the Demonspawn Berserker began the quest for the Orb.
     0 | D:1      | Reached XP level 1. HP: 18/18 MP: 1/1
   236 | D:1      | Gained mutation: When hurt, damage is shared between your health and your magic reserves. [demonic ancestry]
   236 | D:1      | Reached XP level 2. HP: 24/24 MP: 2/2
   253 | D:1      | Reached skill level 2 in Armour
   348 | D:1      | Reached skill level 3 in Axes
   348 | D:1      | Reached skill level 2 in Dodging
  1144 | D:2      | HP: 3/24 [hobgoblin/club (6)]
  1145 | D:2      | Slain by a hobgoblin

Vault maps used:
D:1:      matt_arrival_diagonals, minmay_door_square, hex_tiny
D:2:      fiery_altar_vehumet

Skill      XL: |  1  2 |
---------------+-------+-----
Armour         | 2 |  2.1
Axes           | 3 |  3.1
Dodging        | 2 |  2.1
Fighting       | |  3.2

Action                   || total
-------------------------++-------
Melee: Hand axe          ||    68
  Eat: Chunk             ||     1
Armor: Animal skin       ||    21
Dodge: Dodged            ||    63

Table legend:
 A = Spawn XP
 B = Non-spawn XP
 C = Spawn XP percentage of total XP
 D = Spawn monster count
 E = Non-spawn monster count
 F = Spawn count percentage of total count
 G = Total turns spent on level
                    A         B        C        D         E        F      G
               +---------+---------+-------+---------+---------+-------+---------
         Total |       0 |      40 |   0.0 |       0 |      20 |   0.0 |  1145
               +---------+---------+-------+---------+---------+-------+---------
           D:1 |       0 |      37 |   0.0 |       0 |      17 |   0.0 |  1095
           D:2 |       0 |       3 |   0.0 |       0 |       3 |   0.0 |    50
               +---------+---------+-------+---------+---------+-------+---------

Vault maps used:
D:1:      matt_arrival_diagonals, minmay_door_square, hex_tiny
D:2:      fiery_altar_vehumet

Table legend:
 A = Turns spent in this place as a percentage of turns spent in the entire game.
 B = Non-inter-level travel turns spent in this place as a percentage of non-inter-level travel turns spent in the entire game.
 C = Inter-level travel turns spent in this place as a percentage of turns spent in this place.
 D = Turns resting spent in this place as a percentage of non-inter-level travel turns spent in this place.
 E = Turns spent auto-exploring this place as a percentage of non-inter-level travel turns spent in this place.
 F = Non-inter-level travel turns spent in this place divided by the number of levels of this place that you've seen.
                   A       B       C       D       E      F
               +-------+-------+-------+-------+-------+----------------------
         Total | 100.0 | 100.0 |   0.3 |  36.1 |  51.5 | 570.5
       Dungeon | 100.0 | 100.0 |   0.3 |  36.1 |  51.5 | 570.5
               +-------+-------+-------+-------+-------+----------------------

Table legend:
 A = Kills in this place as a percentage of kills in entire the game.
 B = Kills by you in this place as a percentage of kills by you in the entire game.
 C = Kills by friends in this place as a percentage of kills by friends in the entire game.
 D = Other kills in this place as a percentage of other kills in the entire game.
 E = Experience gained in this place as a percentage of experience gained in the entire game.
 F = Experience gained in this place divided by the number of levels of this place that you have seen.
                   A       B       C       D       E      F
               +-------+-------+-------+-------+-------+----------------------
         Total | 100.0 | 100.0 |   N/A |   N/A | 100.0 |  20.0
       Dungeon | 100.0 | 100.0 |   N/A |   N/A | 100.0 |  20.0
               +-------+-------+-------+-------+-------+----------------------
